 Dungeon Crawl Stone Soup version 0.29-a0-542-g075992c915 (webtiles) character file.

Game seed: 5778423610825955124

3711 vulpzor the Quickloader (level 10, -2/81 HPs)
             Began as a Gnoll Wanderer on June 3, 2022.
             Was a Priest of the Shining One.
             Slain by an orc warrior
             ... wielding a +0 halberd
              (8 damage)
             ... on level 8 of the Dungeon on June 4, 2022.
             The game lasted 01:06:20 (8101 turns).

vulpzor the Quickloader (Gnoll Wanderer)            Turns: 8101, Time: 01:06:21

Health: -2/81      AC: 14    Str: 14    XL:     10   Next: 14%
Magic:  15/18      EV: 13    Int:  7    God:    the Shining One [***...]
Gold:   1010       SH:  8    Dex: 16    Spells: 19/20 levels left

rFire   + . .      SeeInvis .   V - +10 mace "Zisor" {vorpal, rF+ Int-2 Stlth+}
rCold   . . .      Faith    .   (no shield)
rNeg    + + .      Spirit   .   k - +2 acid dragon scales
rPois   +          Reflect  .   M - +0 helmet
rElec   .          Harm     .   U - +1 cloak
rCorr   +          Rampage  .   E - +0 pair of gloves
Will    .....                   (no boots)
Stlth   ++........              (no amulet)
HPRegen 0.23/turn               g - ring of poison resistance
MPRegen 0.16/turn               j - ring of positive energy

@: divinely shielded, about to teleport, weak-willed, hasted, glowing, studying
Crossbows, very quick
A: fangs 1, strong nose, distributed training
a: Renounce Religion, Divine Shield, Cleansing Flame


You were on level 8 of the Dungeon.
You worshipped the Shining One.
The Shining One was most pleased with you.
You visited 1 branch of the dungeon, and saw 8 of its levels.
You also visited: Ossuary.

You collected 1010 gold pieces.

Inventory:

Hand Weapons
 a - a +3 hand crossbow of venom
 h - a +1 falchion of flaming
 l - a +0 mace of holy wrath
 q - the +6 fustibalus of Untruth {flame, +Blink Will- Int+7}
   (You acquired it on level 4 of the Dungeon)

   Any ammunition fired from it burns those it strikes, dealing additional fire
   damage.
   Int:       It affects your intelligence (+7).
   +Blink:    It lets you blink.
   Will:      It decreases your willpower.
 x - a +0 hand axe of flaming
 F - a +0 vampiric dagger
 R - the +7 mace of Roeceru {flame, rCorr Str+2 SInv}
   (You found it on level 7 of the Dungeon)

   It burns those it strikes, dealing additional fire damage.
   Str:       It affects your strength (+2).
   SInv:      It lets you see invisible.
   rCorr:     It protects you from acid and corrosion.
 S - a +0 mace of draining
 T - a +2 quarterstaff of chaos
 V - the +10 mace "Zisor" (weapon) {vorpal, rF+ Int-2 Stlth+}
   (You found it on level 7 of the Dungeon)

   It inflicts extra damage upon your enemies.
   Int:       It affects your intelligence (-2).
   rF:        It protects you from fire.
   Stlth:     It makes you more stealthy.
 W - a +0 mace of protection
 X - a +4 hand axe
 Y - a +4 morningstar
Missiles
 m - 3 throwing nets
 r - 3 atropa-tipped darts
Armour
 c - a +0 leather armour
 k - +2 acid dragon scales (worn)
 E - a +0 pair of gloves (worn)
 M - a +0 helmet (worn)
 U - a +1 cloak (worn)
Jewellery
 g - a ring of poison resistance (left hand)
 j - a ring of positive energy (right hand)
 o - a ring of ice
 y - a ring of poison resistance
Wands
 G - a wand of acid (9)
 J - a wand of flame (22)
 K - a wand of iceblast (21)
 N - a wand of mindburst (16)
Scrolls
 b - a scroll of fog
 n - a scroll of silence
 t - 2 scrolls of teleportation
 u - 5 scrolls of identify
 v - a scroll of vulnerability
 w - 2 scrolls of blinking
 C - a scroll of magic mapping
 H - a scroll of amnesia
 I - a scroll of fear {unknown}
 L - a scroll of immolation
Potions
 d - 4 potions of haste
 e - 6 potions of brilliance
 f - 3 potions of curing
 i - 2 potions of might {unknown}
 p - 3 potions of mutation {unknown}
 s - 3 potions of ambrosia {unknown}
 z - 3 potions of magic {unknown}
 A - a potion of lignification {unknown}
 B - 2 potions of attraction {unknown}
 P - a potion of flight {unknown}
 Q - 2 potions of degeneration {unknown}


   Skills:
 + Level 8.3 Fighting
 + Level 5.0 Short Blades
 + Level 5.0 Long Blades
 + Level 5.0 Axes
 + Level 5.0 Maces & Flails
 + Level 5.0 Polearms
 + Level 5.0 Staves
 + Level 5.0 Slings
 + Level 5.0 Bows
 + Level 12.5 Crossbows
 + Level 5.0 Throwing
 + Level 5.0 Armour
 + Level 5.0 Dodging
 + Level 5.0 Stealth
 + Level 5.0 Shields
 + Level 5.0 Unarmed Combat
 + Level 5.8 Spellcasting
 + Level 4.1 Conjurations
 + Level 4.1 Hexes
 + Level 4.1 Summonings
 + Level 4.1 Necromancy
 + Level 4.1 Translocations
 + Level 4.1 Transmutations
 + Level 4.1 Fire Magic
 + Level 4.7 Ice Magic
 + Level 4.1 Air Magic
 + Level 4.1 Earth Magic
 + Level 4.1 Poison Magic
 + Level 5.5 Invocations
 + Level 5.0 Evocations


You had 19 spell levels left.
You knew the following spells:

 Your Spells              Type           Power      Damage    Failure   Level
a - Freeze                Ice            32%        1d5       4%          1

Your spell library contained the following spells:

 Spells                   Type           Power      Damage    Failure   Level
 Necrotize                Necr           28%        1d5       6%          1
 Frozen Ramparts          Ice            16%        1d3       16%         3
 Ozocubu's Armour         Ice            8%         N/A       16%         3
 Vampiric Draining        Necr           7%         2d6       19%         3
 Animate Armour           Summ/Erth      14%        N/A       54%         4
 Agony                    Necr           7%         N/A       87%         5
 Alistair's Intoxication  Tmut/Pois      4%         N/A       87%         5
 Blade Hands              Tmut           3%         N/A       87%         5
 Borgnjor's Vile Clutch   Necr/Erth      3%         N/A       87%         5
 Eringya's Noxious Bog    Tmut/Pois      3%         N/A       100%        6
 Iron Shot                Conj/Erth      3%         9d2       100%        6
 Ozocubu's Refrigeration  Ice            4%         4d5       100%        7


Dungeon Overview and Level Annotations

Branches:
Dungeon (8/15)             Temple (0/1) D:7         Ossuary (visited)
   Lair: D:8-11

Altars:
Ashenzari
Elyvilon
Nemelex Xobeh
The Shining One

Shops:
D:3 =   D:7 (


Innate Abilities, Weirdness & Mutations

You have very sharp teeth.
Your uncanny sense of smell can sniff out nearby items.
Your experience applies equally to all skills.


Message History

The orc priest barely misses you.
You barely miss the orc priest. You bite the orc priest.
The orc priest is lightly wounded.
The orc priest hits you with a +0 morningstar.
The orc warrior hits you from afar with a +0 halberd!
You hit the orc priest. You bite the orc priest.
The orc priest is heavily wounded.
The orc priest barely misses you.
The orc warrior hits you from afar with a +0 halberd!
You feel better.
The orc warrior hits you from afar with a +0 halberd.
You feel yourself speed up. The orc priest barely misses you.
The orc warrior hits you from afar with a +0 halberd.
The jelly barely misses you. A divine shield forms around you!
You barely miss the orc priest.
You bite the orc priest, but do no damage.
The orc priest is heavily wounded.
The orc hits you but does no damage.
The orc priest hits you with a +0 morningstar!
* * * LOW HITPOINT WARNING * * *
The orc warrior hits you from afar with a +0 halberd!
* * * LOW HITPOINT WARNING * * *
The jelly jiggles.
The jelly barely misses you.
As you read the scroll of teleportation, it crumbles to dust.
You feel strangely unstable. The orc barely misses you.
The orc priest closely misses you. You block the orc warrior's attack.
The jelly closely misses you.
As you read the scroll labelled XIFUJO CASCH, it crumbles to dust.
Magic quickly surges around you.
It was a scroll of vulnerability.
As you read the scroll labelled NIALE HULA, it crumbles to dust.
You hear a loud clanging noise!
It was a scroll of noise.
You hear a shout! x9
The orc hits you with a +0 falchion.
* * * LOW HITPOINT WARNING * * *
You block the orc priest's attack.
The orc warrior hits you from afar with a +0 halberd!
You die...

.. #......### .#
#....##.###
..##.####).##
#... ###)...#
##..#
#.).##.....#
###..J# #)###
####...
#../..###.# <
#.#o..###
#oJ@....#
#.......o..##.#
##..#.####..#...
#. #. ##.# ##.#
# ... .. ###$ #
.


You could see an orc warrior (weak-willed), a jelly (weak-willed), an orc priest
(weak-willed) and an orc (weak-willed).

Vanquished Creatures
  Joseph (D:8)
  Grinder (D:4)
  A wraith (Ossuary)
  4 yaks (D:7)
  A wyvern (D:7)
  2 steam dragons
  Duvessa (D:7)
  An orc warrior (D:7)
  An ice beast (D:6)
  A black bear (D:6)
  2 phantoms
  A necrophage (D:6)
  2 scorpions
  A bullfrog (D:6)
  9 wights
  Dowan (D:7)
  2 howler monkeys
  A hound (D:6)
  3 orc priests
  Crazy Yiuf (D:7)
  3 iguanas
  9 orc wizards
  2 mummies
  11 gnolls
  3 adders
  A shadow imp (D:6)
  A white imp (D:7)
  An ufetubus (D:6)
  2 worms (D:2)
  3 dart slugs
  22 orcs
  4 bats
  7 endoplasms
  3 giant cockroaches
  8 goblins
  8 hobgoblins
  6 jackals (D:2)
  5 kobolds
  3 quokkas
  5 ball pythons
  3 frilled lizards
  4 gnoll skeletons (Ossuary)
  9 kobold skeletons (Ossuary)
  12 orc skeletons (Ossuary)
  8 rats
180 creatures vanquished.

Vanquished Creatures (others)
  An orc wizard (D:6)
1 creature vanquished.

Grand Total: 181 creatures vanquished

Notes
Turn   | Place    | Note
-------+----------+-------------------------------------------
     0 | D:1      | Reached skill level 10 in Crossbows
     0 | D:1      | vulpzor the Gnoll Wanderer began the quest for the Orb.
     0 | D:1      | vulpzor set off with the following items: a +3 hand
                  | crossbow, a potion of heal wounds, a +0 leather armour; and
                  | the following spell memorised: Freeze; and the following
                  | spells available to memorise: Frozen Ramparts
     0 | D:1      | Reached XP level 1. HP: 23/23 MP: 4/4
     6 | D:1      | Noticed a polar bear
     6 | D:1      | Noticed an anaconda
     7 | D:1      | Noticed a komodo dragon
   349 | D:1      | Reached XP level 2. HP: 29/29 MP: 5/5
   812 | D:2      | Reached XP level 3. HP: 34/35 MP: 5/7
  1008 | D:2      | Reached skill level 1 in Invocations
  1142 | D:2      | Reached skill level 1 in Short Blades
  1142 | D:2      | Reached skill level 1 in Long Blades
  1142 | D:2      | Reached skill level 1 in Axes
  1142 | D:2      | Reached skill level 1 in Maces & Flails
  1142 | D:2      | Reached skill level 1 in Polearms
  1142 | D:2      | Reached skill level 1 in Staves
  1142 | D:2      | Reached skill level 1 in Slings
  1142 | D:2      | Reached skill level 1 in Bows
  1142 | D:2      | Reached skill level 1 in Throwing
  1142 | D:2      | Reached skill level 1 in Armour
  1142 | D:2      | Reached skill level 1 in Dodging
  1142 | D:2      | Reached skill level 1 in Stealth
  1142 | D:2      | Reached skill level 1 in Shields
  1142 | D:2      | Reached skill level 1 in Unarmed Combat
  1142 | D:2      | Reached skill level 1 in Evocations
  1163 | D:2      | Reached XP level 4. HP: 19/41 MP: 8/8
  1979 | D:3      | Found a faded altar of an unknown god.
  2075 | D:3      | Reached skill level 1 in Conjurations
  2075 | D:3      | Reached skill level 1 in Hexes
  2075 | D:3      | Reached skill level 1 in Summonings
  2075 | D:3      | Reached skill level 1 in Necromancy
  2075 | D:3      | Reached skill level 1 in Translocations
  2075 | D:3      | Reached skill level 1 in Transmutations
  2075 | D:3      | Reached skill level 1 in Fire Magic
  2075 | D:3      | Reached skill level 1 in Air Magic
  2075 | D:3      | Reached skill level 1 in Earth Magic
  2075 | D:3      | Reached skill level 1 in Poison Magic
  2139 | D:3      | Prayed at the altar of an unknown god.
  2139 | D:3      | Became a worshipper of Elyvilon the Healer
  2139 | D:3      | Reached * piety under Elyvilon
  2281 | D:3      | Reached XP level 5. HP: 47/47 MP: 9/9
  2408 | D:3      | Found Akkeatimm's Jewellery Shop.
  2974 | D:4      | Reached ** piety under Elyvilon
  3002 | D:4      | Noticed Grinder
  3006 | D:4      | Paralysed by Grinder for 5 turns
  3011 | D:4      | Killed Grinder
  3012 | D:4      | Reached XP level 6. HP: 53/53 MP: 9/11
  3029 | D:4      | Identified a scroll of acquirement
  3029 | D:4      | Acquired the +6 fustibalus of Untruth {flame, +Blink Will-
                  | Int+7}
  3264 | D:4      | Reached XP level 7. HP: 59/59 MP: 12/12
  3361 | D:5      | Entered Level 5 of the Dungeon
  3385 | D:5      | Found a sand-covered staircase.
  3393 | Ossuary  | Entered an ossuary
  3393 | Ossuary  | Noticed a wraith
  3393 | Ossuary  | Noticed a wraith
  3393 | Ossuary  | Noticed a wraith
  3470 | Ossuary  | Noticed a wraith
  3522 | Ossuary  | Reached skill level 11 in Crossbows
  3560 | Ossuary  | Killed a wraith
  3594 | Ossuary  | Acquired 610 gold pieces
  4138 | D:5      | Reached *** piety under Elyvilon
  4150 | D:5      | Found a glowing golden altar of the Shining One.
  4156 | D:5      | Fell from the grace of Elyvilon
  4156 | D:5      | Became a worshipper of the Shining One
  4156 | D:5      | Reached * piety under the Shining One
  4286 | D:5      | Reached XP level 8. HP: 64/67 MP: 14/14
  4879 | D:6      | Reached ** piety under the Shining One
  4971 | D:6      | Upgraded the game from 0.29-a0-541-gaf1fc19f1b to
                  | 0.29-a0-542-g075992c915
  5005 | D:6      | Found a sparkling altar of Nemelex Xobeh.
  5051 | D:6      | Found a broken altar of Ashenzari.
  5594 | D:6      | Reached XP level 9. HP: 72/72 MP: 16/16
  6106 | D:7      | Found a staircase to the Ecumenical Temple.
  6641 | D:7      | Noticed Dowan
  6644 | D:7      | Noticed Duvessa
  6647 | D:7      | Killed Dowan
  6648 | D:7      | Reached skill level 5 in Spellcasting
  6653 | D:7      | Killed Duvessa
  6836 | D:7      | Found Awnopnol's Antique Weapon Emporium.
  6913 | D:7      | Reached skill level 12 in Crossbows
  7346 | D:7      | Reached skill level 5 in Invocations
  7526 | D:7      | Identified the +7 mace of Roeceru {flame, rCorr Str+2 SInv}
  7531 | D:7      | Found a runed translucent door.
  7541 | D:7      | Noticed Crazy Yiuf
  7549 | D:7      | Killed Crazy Yiuf
  7562 | D:7      | Identified the +10 mace "Zisor" {vorpal, rF+ Int-2 Stlth+}
  7866 | D:8      | Noticed Joseph
  7866 | D:8      | Reached *** piety under the Shining One
  7878 | D:8      | Reached XP level 10. HP: 53/80 MP: 18/18
  7901 | D:8      | Killed Joseph
  7909 | D:8      | Reached skill level 5 in Short Blades
  7909 | D:8      | Reached skill level 5 in Long Blades
  7909 | D:8      | Reached skill level 5 in Axes
  7909 | D:8      | Reached skill level 5 in Maces & Flails
  7909 | D:8      | Reached skill level 5 in Polearms
  7909 | D:8      | Reached skill level 5 in Staves
  7909 | D:8      | Reached skill level 5 in Slings
  7909 | D:8      | Reached skill level 5 in Bows
  7909 | D:8      | Reached skill level 5 in Throwing
  7909 | D:8      | Reached skill level 5 in Armour
  7909 | D:8      | Reached skill level 5 in Dodging
  7909 | D:8      | Reached skill level 5 in Stealth
  7909 | D:8      | Reached skill level 5 in Shields
  7909 | D:8      | Reached skill level 5 in Unarmed Combat
  7909 | D:8      | Reached skill level 5 in Evocations
  8101 | D:8      | Slain by an orc warrior

Illustrated notes

Levels and vault maps discovered:
D:1:      onia_arrival_zoo_common, layout_basic
D:2:      layout_basic, serial_glass, glass_columns_b, glass_columns_a,
          glass_columns_b, glass_columns_a, glass_columns_b, glass_columns_a,
          grunt_ministairs_2
D:3:      layout_loops_ring, chequers_ecumenical_altar_island, serial_shops,
          shop, minmay_misc_feat_tiny
D:4:      kennysheep_spiral_hall, layout_rooms, nrook_mini_backslash,
          uniq_grinder
D:5:      layout_basic, mainiacjoe_overflow_boulevard,
          gup_ossuary_entry_pyramid, minmay_misc_feat_doors
D:6:      layout_layer_cave, nicolae_ashenzari_skybound,
          nemelex_xobeh_ov_fountains_minmay
D:7:      layout_loops_cross, minmay_temple_entry_glassed_door, serial_shops,
          nicolae_shop_advertising_works [nicolae_subvault_shop_adworks],
          kennysheep_generic_room_12, uniq_crazy_yiuf_cottage, uniq_duvessa
D:8:      layout_rooms, uniq_joseph

Skill      XL: |  1  2  3  4  5  6  7  8  9 10 |
---------------+-------------------------------+-----
Crossbows      | 11 12 | 12.5
Ice Magic      | 2 3 4 |  4.7
Invocations    | 1 2 3 4 5 |  5.5
Short Blades   | 1 2 3 4 5 |  5.0
Long Blades    | 1 2 3 4 5 |  5.0
Axes           | 1 2 3 4 5 |  5.0
Maces & Flails | 1 2 3 4 5 |  5.0
Polearms       | 1 2 3 4 5 |  5.0
Staves         | 1 2 3 4 5 |  5.0
Slings         | 1 2 3 4 5 |  5.0
Bows           | 1 2 3 4 5 |  5.0
Throwing       | 1 2 3 4 5 |  5.0
Armour         | 1 2 3 4 5 |  5.0
Dodging        | 1 2 3 4 5 |  5.0
Stealth        | 1 2 3 4 5 |  5.0
Shields        | 1 2 3 4 5 |  5.0
Unarmed Combat | 1 2 3 4 5 |  5.0
Evocations     | 1 2 3 4 5 |  5.0
Spellcasting   | 3 4 5 |  5.8
Conjurations   | 1 2 3 4 |  4.1
Hexes          | 1 2 3 4 |  4.1
Summonings     | 1 2 3 4 |  4.1
Necromancy     | 1 2 3 4 |  4.1
Translocations | 1 2 3 4 |  4.1
Transmutations | 1 2 3 4 |  4.1
Fire Magic     | 1 2 3 4 |  4.1
Air Magic      | 1 2 3 4 |  4.1
Earth Magic    | 1 2 3 4 |  4.1
Poison Magic   | 1 2 3 4 |  4.1
Fighting       | 7 8 |  8.3

Action                   |  1- 3 |  4- 6 |  7- 9 | 10-12 || total
-------------------------+-------+-------+-------+-------++-------
Melee: Falchion          |    26 |     9 |       |       ||    35
       Bite              |     2 |       |     3 |     7 ||    12
       Mace              |       |       |    20 |    13 ||    33
 Fire: Hand crossbow     |    55 |    55 |       |       ||   110
       Fustibalus        |       |    11 |   239 |    20 ||   270
 Cast: Freeze            |     1 |       |       |       ||     1
Invok: Divine Shield     |       |       |       |     1 ||     1
 Abil: Evoke Blink       |       |       |     1 |       ||     1
  Use: Scroll            |     3 |     5 |     8 |     3 ||    19
       Potion            |       |       |     3 |     3 ||     6
Armor: Leather armour    |     9 |       |       |       ||     9
       Acid dragon scale |    34 |    11 |    39 |     9 ||    93
Dodge: Dodged            |    61 |    25 |    82 |    20 ||   188
Block: Other             |       |       |       |     2 ||     2

Table legend: (Time is in decaauts)
 A = Elapsed time spent in this place.
 B = Non-inter-level travel time spent in this place.
 C = Inter-level travel time spent in this place.
 D = Time resting spent in this place.
 E = Time spent auto-exploring this place.
 F = Levels seen in this place.
 G = Mean time per level.
                   A        B        C        D        E       F      G
               +--------+--------+--------+--------+--------+-----+--------+
         Total |   8258 |   8254 |      4 |   1006 |   3676 |   9 |  917.6 |
       Dungeon |   7819 |   7815 |      4 |    880 |   3676 |   8 |  977.4 |
       Ossuary |    439 |    439 |      0 |    126 |      0 |   1 |  439.0 |
               +--------+--------+--------+--------+--------+-----+--------+

Top non-repeatable levels by time:
     D:7: 1735 daAuts
     D:6: 1486 daAuts
     D:2: 1139 daAuts
     D:5: 916 daAuts
     D:3: 822 daAuts
     D:1: 788 daAuts
     D:4: 646 daAuts
 Ossuary: 439 daAuts
     D:8: 284 daAuts
